Map: King's Cove LE

Players

Serral - Winner!

  • Race: Zerg Zerg
  • League: Master
  • Spawn Location: 5:00

Spirit (souL)

  • Race: Terran Terran
  • League: Master
  • Spawn Location: 11:00

VOD

Have the link to the VOD?

Description

Time

  • Played on: Dec. 1, 2024, 9:17 a.m.
  • Length: 29:22
Show
View Real Time Build Order
Export as new Build Order

Serral Zerg - Winner!

Build Orders: Hatch First, Swarm Host 

Get SALT Encoding   

  12  0:00  Drone  
  13  0:12  Overlord  
  13  0:17  Drone  
  14  0:31  Drone x2  
  16  0:47  Hatchery  
  15  0:50  Drone  
  15  0:54  Drone  
  17  0:57  Drone  
  18  1:09  Extractor  
  17  1:12  Spawning Pool  
  17  1:16  Drone  
  17  1:20  Drone  
  18  1:28  Drone  
  19  1:38  Drone  
  20  1:49  Drone  
  21  1:59  Queen x2  
  21  2:00  Zergling x4  
  27  2:10  Overlord  
  27  2:11  Drone  
  27  2:14  Metabolic Boost  
  28  2:33  Hatchery, Drone  
  28  2:39  Drone  
  28  2:40  Drone  
  30  2:45  Drone  
  30  2:49  Queen  
  33  2:54  Overlord  
  33  2:57  Drone  
  34  2:59  Drone  
  34  3:01  Drone  
  36  3:09  Overlord  
  36  3:12  Drone x3  
  39  3:15  Drone  
  39  3:16  Drone  
  41  3:23  Queen  
  43  3:27  Drone  
  43  3:28  Drone  
  45  3:36  Queen  
  45  3:39  Drone  
  45  3:40  Drone  
  45  3:41  Drone  
  50  3:45  Queen  
  52  3:48  Overlord  
  52  3:51  Drone  
  52  3:53  Drone  
  54  3:57  Drone x2  
  54  3:58  Drone  
  57  4:05  Lair  
  57  4:06  Overlord  
  57  4:09  Overlord  
  57  4:11  Drone  
  57  4:13  Drone  
  59  4:17  Queen  
  59  4:19  Drone  
  59  4:22  Drone x2  
  64  4:25  Drone x2  
  64  4:30  Queen  
  69  4:31  Drone  
  69  4:32  Drone  
  69  4:36  Drone x2  
  69  4:37  Drone  
  69  4:38  Drone  
  74  4:43  Zergling x4  
  76  4:47  Overlord  
  76  4:48  Zergling x4  
  76  4:50  Drone x4  
  82  4:54  Extractor  
  82  4:55  Extractor  
  82  4:56  Extractor  
  79  5:00  Spore Crawler  
  79  5:01  Spore Crawler  
  79  5:02  Spore Crawler, Drone x3  
  79  5:08  Queen x2  
  79  5:09  Drone  
  79  5:11  Drone  
  85  5:16  Drone x3  
  85  5:19  Spire  
  87  5:22  Zergling x4  
  87  5:24  Overseer  
  87  5:25  Overlord  
  87  5:27  Drone  
  90  5:30  Overlord, Extractor  
  90  5:31  Extractor  
  90  5:33  Overlord  
  90  5:35  Drone x2  
  90  5:42  Hatchery  
  89  5:43  Drone x2  
  89  5:49  Drone x4  
  95  5:57  Roach Warren, Zergling x6  
  97  5:59  Drone x3  
  100  6:05  Overlord, Drone  
  100  6:06  Drone x2  
  103  6:12  Overlord  
  103  6:13  Evolution Chamber  
  103  6:14  Drone x4  
  106  6:20  Overlord x2  
  106  6:24  Drone x4  
  110  6:27  Evolution Chamber  
  110  6:31  Overlord  
  109  6:38  Drone x5  
  113  6:46  Drone x5  
  116  6:52  Glial Reconstitution, Zerg Missile Weapons Level 1  
  116  6:54  Zerg Melee Weapons Level 1  
  108  6:56  Roach  
  108  6:57  Roach x4  
  108  6:59  Extractor x2  
  116  7:07  Hatchery  
  115  7:10  Drone  
  115  7:11  Infestation Pit, Zerg Flyer Weapons Level 1  
  115  7:13  Roach x3  
  115  7:15  Spore Crawler, Drone x4  
  124  7:16  Pneumatized Carapace  
  124  7:17  Overlord  
  124  7:20  Overlord  
  124  7:21  Overlord  
  124  7:23  Overseer  
  124  7:28  Roach x4  
  132  7:34  Overlord  
  132  7:41  Corruptor x4  
  140  7:46  Corruptor x2  
  144  7:51  Corruptor x2  
  144  7:57  Corruptor x2  
  152  8:02  Hive  
  152  8:04  Baneling Nest  
  152  8:05  Roach x3  
  155  8:12  Overlord x3  
  155  8:13  Roach x2  
  155  8:18  Drone x4  
  163  8:28  Overlord x3  
  163  8:30  Nydus Network  
  162  8:34  Swarm Host x5  
  178  8:41  Swarm Host x4  
  190  8:49  Zerg Melee Weapons Level 2, Zerg Missile Weapons Level 2  
  190  8:50  Spore Crawler  
  190  8:54  Zergling x12  
  193  8:56  Overlord  
  189  9:11  Ravager x3  
  189  9:13  Nydus Canal  
  189  9:14  Zergling x16  
  200  9:18  Centrifugal Hooks  
  200  9:19  Adrenal Glands  
  200  9:24  Spine Crawler  
  200  9:25  Spine Crawler  
  198  9:35  Nydus Canal  
  193  9:38  Zergling x14  
  193  9:40  Baneling x8  
  193  9:41  Hatchery  
  198  9:52  Zergling x2  
  199  9:54  Nydus Canal  
  199  10:05  Overlord  
  199  10:06  Overlord  
  199  10:21  Nydus Canal  
  199  10:24  Overlord  
  199  10:28  Greater Spire  
  187  10:36  Zergling x24  
  187  10:41  Nydus Canal  
  199  10:49  Neural Parasite  
  199  10:50  Burrow  
  199  11:13  Zerg Melee Weapons Level 3, Zerg Missile Weapons Level 3  
  199  11:14  Extractor x2  
  199  11:18  Corruptor  
  189  11:26  Zergling x14  
  189  11:30  Nydus Canal  
  199  11:34  Baneling x15  
  199  11:36  Ravager x3  
  199  11:42  Zerg Flyer Weapons Level 2  
  196  11:48  Zergling x2  
  196  11:49  Zergling x6  
  196  11:51  Baneling x16  
  200  11:54  Roach x6  
  200  12:03  Zergling x4  
  196  12:25  Ravager x3  
  199  12:42  Ravager x3  
  199  12:43  Zergling x8  
  197  12:52  Nydus Canal  
  197  13:02  Zergling x6  
  196  13:09  Zergling x2  
  196  13:10  Zergling x12  
  200  13:19  Nydus Canal  
  200  13:24  Spore Crawler  
  200  13:25  Spine Crawler x2  
  197  13:32  Zergling x2  
  197  13:33  Zergling x4  
  200  13:43  Nydus Canal  
  191  13:58  Zerg Flyer Armor Level 1  
  191  13:59  Zergling x26  
  191  14:05  Zergling x26  
  197  14:17  Zerg Ground Armor Level 1  
  197  14:23  Baneling x21  
  197  14:36  Zergling x4  
  180  15:00  Infestor x5  
  180  15:02  Extractor  
  180  15:03  Extractor  
  188  15:11  Hatchery  
  188  15:13  Hatchery  
  186  15:16  Brood Lord x6  
  198  15:26  Spore Crawler x4  
  198  15:27  Spore Crawler, Brood Lord  
  198  15:28  Brood Lord x2  
  203  15:38  Overseer  
  203  15:39  Overseer x3  
  203  15:50  Overseer  
  203  15:53  Zerg Flyer Weapons Level 3  
  203  16:14  Spore Crawler  
  203  16:15  Spore Crawler  
  199  16:30  Spore Crawler  
  198  16:41  Overseer  
  198  16:43  Spire  
  197  16:49  Infestor  
  197  16:52  Overlord x2  
  199  16:55  Nydus Canal  
  199  17:03  Zerg Ground Armor Level 2  
  199  17:07  Ultralisk Cavern  
  194  17:22  Infestor  
  194  17:23  Infestor  
  198  17:33  Spore Crawler  
  193  17:46  Viper x2  
  193  17:50  Nydus Canal  
  181  18:01  Zergling x28  
  181  18:02  Chitinous Plating, Zergling x8  
  199  18:07  Nydus Canal  
  199  18:14  Overseer x2  
  199  18:29  Zerg Flyer Armor Level 2  
  198  18:40  Zergling x2  
  199  18:55  Overseer  
  199  19:00  Overseer  
  197  19:10  Zergling x2  
  197  19:11  Zergling x4  
  197  19:13  Spore Crawler x2  
  197  19:14  Spine Crawler  
  195  19:21  Anabolic Synthesis  
  195  19:36  Zergling x32  
  199  19:45  Nydus Canal  
  190  19:53  Zergling x20  
  186  20:02  Zergling x18  
  186  20:03  Zergling x10  
  200  20:09  Zerg Ground Armor Level 3  
  200  20:10  Baneling x15  
  200  20:11  Baneling  
  200  20:12  Nydus Canal  
  196  20:32  Spore Crawler, Extractor  
  196  20:33  Extractor  
  185  20:40  Nydus Canal  
  185  20:41  Zergling x32  
  200  20:46  Extractor  
  199  20:56  Nydus Canal  
  182  21:11  Zergling x34  
  182  21:13  Baneling x10  
  182  21:14  Baneling  
  191  21:20  Zergling x26  
  200  21:32  Baneling x9  
  188  21:40  Zergling x2  
  188  21:41  Zergling x24  
  188  21:45  Baneling x8  
  195  21:54  Nydus Canal  
  195  21:56  Zergling x10  
  195  21:58  Baneling x4  
  195  22:00  Hatchery  
  197  22:03  Spine Crawler  
  197  22:04  Spine Crawler  
  195  22:12  Spine Crawler  
  195  22:14  Zergling x30  
  191  22:25  Zergling x2  
  191  22:26  Zergling x22  
  200  22:33  Zerg Flyer Armor Level 3  
  197  23:18  Zergling x30  
  200  23:23  Nydus Canal  
  189  24:04  Zergling x4  
  189  24:05  Infestor x5  
  191  24:17  Zergling x20  
  191  24:23  Nydus Canal  
  196  24:25  Zergling x8  
  200  24:36  Zergling x8  
  200  24:37  Zergling x2  
  186  24:52  Zergling x34  
  191  24:58  Zergling x32  
  175  25:06  Ultralisk x8  
  200  25:12  Zergling x6  
  200  25:15  Baneling x13  
  199  25:26  Baneling  
  199  25:27  Baneling x18  
  197  25:37  Drone x2  
  199  25:49  Baneling x8  
  189  26:02  Zergling x36  
  197  26:06  Zergling x14  
  168  26:34  Zergling x42  
  168  26:37  Infestor  
  168  26:38  Infestor x4  
  168  26:39  Viper x2  
  196  26:43  Baneling x8  
  196  26:44  Overseer  
  198  26:47  Zergling x2  
  193  27:00  Zergling x2  
  193  27:01  Zergling x26  
  198  27:20  Infestor x9  
  194  27:25  Zergling x20  
  152  27:59  Infestor x2  
  152  28:00  Infestor x2  
  143  28:06  Ultralisk x2, Zergling x18  
  143  28:07  Zergling x38  
  143  28:08  Zergling x18  
  179  28:15  Zergling x26  
  191  28:33  Hatchery  
  191  28:34  Ultralisk x2, Zergling x26  
  198  28:39  Baneling x7  
  197  28:52  Zergling x38  
  197  28:53  Zergling x6  
Show
View Real Time Build Order
Export as new Build Order

Spirit Terran 

Build Orders: Reaper Expand, Mech 

Get SALT Encoding   

  12  0:00  SCV  
  13  0:12  SCV  
  14  0:17  Supply Depot  
  14  0:24  SCV  
  15  0:39  SCV  
  15  0:41  Barracks  
  16  0:45  Refinery  
  16  0:51  SCV  
  17  1:03  SCV  
  18  1:15  SCV  
  19  1:28  Orbital Command, Reaper  
  20  1:42  Command Center  
  20  1:52  Supply Depot  
  20  1:54  SCV  
  21  1:59  Marine  
  22  2:06  SCV  
  23  2:17  Factory  
  23  2:18  SCV  
  25  2:25  Barracks Reactor  
  24  2:32  SCV  
  25  2:42  Command Center  
  25  2:45  SCV  
  25  2:47  Refinery  
  26  2:55  Orbital Command  
  26  2:59  SCV  
  27  3:06  Starport  
  27  3:11  SCV  
  28  3:14  Hellion  
  28  3:18  Hellion  
  32  3:21  SCV  
  32  3:23  Marine  
  32  3:26  SCV  
  35  3:33  SCV  
  36  3:38  SCV  
  37  3:45  SCV, Starport Tech Lab, Fusion Core  
  38  3:49  Hellion  
  38  3:50  SCV  
  38  3:51  Hellion  
  44  3:56  Orbital Command  
  44  3:58  SCV  
  44  4:03  SCV  
  44  4:07  Supply Depot  
  45  4:10  SCV  
  45  4:14  Hellion  
  45  4:15  Hellion, SCV  
  51  4:22  SCV x2  
  53  4:27  SCV  
  53  4:28  Orbital Command  
  54  4:33  Battlecruiser  
  54  4:37  Refinery x2  
  60  4:39  SCV x2  
  60  4:41  Supply Depot  
  60  4:43  Hellion  
  64  4:46  Hellion  
  64  4:51  SCV x2  
  68  4:55  SCV  
  69  5:03  Supply Depot, SCV x2  
  69  5:05  Hellion  
  73  5:07  SCV  
  73  5:08  Hellion  
  73  5:10  Factory  
  73  5:12  Factory  
  76  5:15  SCV  
  77  5:22  Armory  
  77  5:25  Armory, SCV x2  
  77  5:26  Supply Depot  
  77  5:28  SCV  
  80  5:34  Supply Depot  
  80  5:37  SCV x2  
  80  5:40  SCV  
  82  5:44  Refinery  
  82  5:46  Refinery  
  82  5:48  Battlecruiser  
  82  5:49  SCV  
  90  5:50  SCV  
  90  5:57  Supply Depot  
  90  5:58  Supply Depot, Factory Tech Lab x2  
  90  6:00  SCV  
  90  6:02  SCV  
  90  6:03  Hellion  
  94  6:07  SCV  
  94  6:11  Terran Vehicle Weapons Level 1  
  95  6:12  SCV  
  95  6:14  Terran Vehicle And Ship Armor Level 1  
  95  6:16  SCV  
  97  6:19  SCV  
  97  6:20  Supply Depot  
  97  6:22  Engineering Bay  
  97  6:23  Infernal Pre-Igniter, Mag-Field Accelerator  
  97  6:25  SCV  
  99  6:28  SCV  
  99  6:32  SCV  
  101  6:35  Cyclone x2  
  101  6:38  SCV  
  106  6:45  SCV  
  106  6:47  SCV  
  104  6:51  SCV  
  101  6:55  Factory  
  101  6:56  Factory  
  101  6:58  SCV  
  101  6:59  SCV  
  103  7:03  SCV  
  103  7:07  Cyclone x2  
  103  7:08  Supply Depot  
  110  7:10  SCV  
  110  7:11  SCV  
  110  7:14  Supply Depot  
  112  7:22  Command Center  
  112  7:27  Missile Turret  
  112  7:34  Factory  
  112  7:37  Hellion x2  
  112  7:39  Siege Tank x2, Factory Tech Lab  
  112  7:40  Factory Tech Lab  
  122  7:44  Supply Depot  
  122  7:48  Supply Depot  
  122  7:49  SCV  
  123  7:53  Missile Turret  
  123  7:56  Battlecruiser, SCV  
  130  8:00  SCV  
  130  8:02  SCV  
  130  8:04  Siege Tank  
  135  8:06  Siege Tank  
  138  8:12  Terran Vehicle Weapons Level 2  
  138  8:20  Factory Tech Lab  
  138  8:21  Hellion  
  138  8:22  Hellion  
  138  8:23  Supply Depot  
  138  8:25  Weapon Refit  
  142  8:34  Supply Depot  
  142  8:36  Siege Tank  
  142  8:39  Siege Tank  
  142  8:40  Command Center  
  148  8:47  Siege Tank, Hellion x2  
  153  8:59  Siege Tank, Command Center  
  159  9:12  Planetary Fortress  
  159  9:16  Missile Turret, SCV x3  
  162  9:17  Missile Turret  
  162  9:20  Missile Turret  
  165  9:25  Refinery  
  165  9:28  SCV  
  165  9:29  SCV  
  170  9:33  Orbital Command  
  170  9:37  Orbital Command, Cyclone  
  170  9:38  Cyclone x3  
  173  9:39  Sensor Tower  
  173  9:43  Cyclone  
  174  9:52  Refinery  
  172  9:53  SCV  
  173  10:01  SCV  
  173  10:03  SCV  
  173  10:05  SCV  
  176  10:09  Missile Turret  
  176  10:10  Cyclone x2  
  176  10:12  Missile Turret, Refinery  
  182  10:14  Missile Turret  
  182  10:16  SCV  
  182  10:21  Terran Vehicle And Ship Armor Level 2  
  183  10:23  Hellion x2  
  187  10:32  Orbital Command, Cyclone  
  183  10:37  Command Center  
  183  10:39  Cyclone  
  183  10:41  Cyclone  
  186  10:43  Cyclone  
  186  10:49  SCV x2  
  191  10:58  Battlecruiser  
  197  11:16  Planetary Fortress  
  197  11:17  Missile Turret, Sensor Tower  
  197  11:21  Cyclone  
  197  11:24  Cyclone  
  199  11:32  Refinery  
  199  11:34  Refinery  
  199  11:35  Factory  
  199  11:38  Factory  
  199  11:39  Barracks  
  199  11:42  Ghost Academy, Barracks  
  199  11:43  Terran Vehicle Weapons Level 3  
  199  11:51  Command Center  
  199  12:14  Terran Infantry Armor Level 1  
  196  12:16  Engineering Bay  
  196  12:18  Cyclone  
  196  12:20  Smart Servos  
  196  12:22  Factory Tech Lab  
  188  12:25  Siege Tank  
  188  12:26  Siege Tank x3  
  197  12:41  Battlecruiser  
  197  12:50  Siege Tank  
  194  12:51  Hellion x3  
  194  12:52  Barracks Tech Lab x2, Hellion x9, Factory Tech Lab  
  194  12:53  Personal Cloaking  
  194  12:55  Terran Infantry Weapons Level 1  
  194  13:04  Sensor Tower  
  177  13:19  Orbital Command  
  176  13:21  Orbital Command, Command Center  
  176  13:25  Ghost x2  
  182  13:32  Command Center  
  188  13:35  Missile Turret  
  182  13:46  Barracks Tech Lab  
  180  13:51  Orbital Command  
  180  13:53  Ghost x2  
  180  13:54  Orbital Command  
  170  13:58  Siege Tank x4  
  170  13:59  Hellion  
  158  14:03  Siege Tank  
  158  14:18  Ghost  
  158  14:19  Nuke, Medivac  
  158  14:22  Ghost  
  166  14:28  Ghost  
  166  14:30  Cyclone  
  172  14:34  Cyclone  
  172  14:35  Cyclone  
  172  14:36  Orbital Command  
  178  14:46  Ghost  
  178  14:47  SCV  
  178  14:49  Hellion, Cyclone, Medivac  
  178  14:50  SCV, Ghost  
  190  14:54  Missile Turret, SCV  
  190  14:55  Sensor Tower  
  190  14:56  Ghost  
  190  14:58  Missile Turret  
  194  15:01  Terran Infantry Weapons Level 2  
  194  15:02  SCV x2  
  194  15:03  SCV x4  
  200  15:16  Planetary Fortress  
  200  15:17  Command Center  
  200  15:18  Sensor Tower  
  200  15:29  Command Center  
  200  15:33  Ghost x2  
  200  15:34  Ghost  
  200  15:38  Refinery  
  200  15:40  Command Center  
  200  15:41  Terran Infantry Armor Level 2  
  200  15:45  Terran Vehicle And Ship Armor Level 3  
  200  15:50  Terran Ship Weapons Level 1  
  197  16:13  Medivac  
  197  16:18  Thor x2  
  181  16:25  Thor x2  
  182  16:30  Thor  
  182  16:32  Hellion, Hellbat  
  188  16:41  Command Center  
  188  16:42  Command Center  
  179  16:50  Ghost  
  179  16:52  Medivac  
  187  16:55  Hellion x3  
  193  17:01  Hellion  
  186  17:18  Ghost  
  186  17:20  Cyclone  
  183  17:23  Thor  
  183  17:25  Thor  
  183  17:27  SCV x4  
  199  17:37  Orbital Command  
  187  17:53  Starport Reactor  
  183  18:00  Thor  
  183  18:01  Thor  
  185  18:07  Siege Tank  
  185  18:10  Orbital Command  
  188  18:15  SCV  
  188  18:17  SCV x2  
  188  18:18  Orbital Command  
  191  18:20  SCV  
  191  18:23  SCV  
  191  18:25  SCV  
  191  18:26  Sensor Tower  
  194  18:28  SCV  
  194  18:37  SCV  
  195  18:42  SCV  
  195  18:44  Ghost x2  
  195  18:46  Orbital Command, SCV  
  195  18:49  Hellion x5  
  195  19:02  Nuke  
  189  19:04  SCV  
  189  19:05  SCV  
  188  19:13  Ghost x2  
  188  19:14  Refinery x2, Planetary Fortress  
  194  19:18  SCV  
  195  19:25  SCV  
  195  19:30  Command Center  
  193  19:33  Refinery  
  193  19:35  SCV  
  194  19:39  SCV  
  194  19:40  SCV  
  194  19:45  Orbital Command, SCV x2  
  200  19:52  Liberator x2  
  188  19:57  SCV  
  188  19:59  SCV  
  172  20:00  SCV  
  172  20:03  SCV  
  171  20:14  Command Center  
  171  20:17  Command Center  
  171  20:18  SCV x2  
  171  20:19  Sensor Tower  
  171  20:20  Refinery  
  172  20:25  Cyclone x5, Factory Tech Lab  
  187  20:29  SCV  
  187  20:37  Missile Turret  
  187  20:38  Sensor Tower  
  187  20:47  Ghost  
  188  20:57  Hellion x2, Thor  
  195  21:20  Liberator x2  
  195  21:21  Command Center  
  195  21:32  Hellion x3  
  187  21:46  Hellion x2  
  180  21:47  Hellion  
  180  21:48  Hellion  
  180  21:49  Planetary Fortress  
  180  21:51  SCV x4  
  180  21:53  Hellion x2  
  188  21:54  SCV  
  188  21:58  Hellion  
  188  22:00  SCV  
  181  22:03  Liberator, SCV  
  181  22:04  SCV  
  181  22:05  SCV  
  181  22:08  Hellion x2  
  191  22:09  Hellion x2  
  191  22:14  Hellion, Orbital Command  
  191  22:15  Hellion  
  196  22:16  Refinery  
  196  22:19  Hellion, SCV  
  196  22:20  Refinery  
  196  22:22  SCV  
  191  22:29  Hellion x2, SCV  
  194  22:30  Hellion x2, SCV x2  
  197  22:43  Missile Turret, Sensor Tower  
  194  22:49  Orbital Command  
  186  22:52  SCV  
  186  22:53  SCV x6  
  193  23:05  SCV x3  
  193  23:07  Cyclone  
  193  23:12  SCV  
  196  23:16  Cyclone x2  
  196  23:18  Hellion  
  198  23:28  Command Center  
  198  23:29  Orbital Command  
  198  23:33  Command Center  
  198  23:34  Sensor Tower  
  198  23:35  Missile Turret  
  198  23:36  Missile Turret, Orbital Command  
  198  23:38  Sensor Tower  
  198  24:13  Cyclone  
  197  24:21  Siege Tank  
  198  24:26  Hellion  
  188  24:38  Cyclone  
  188  24:40  Cyclone  
  188  24:45  Cyclone  
  186  24:47  Cyclone  
  167  24:53  Cyclone  
  127  25:11  Hellion, SCV  
  127  25:12  Cyclone  
  133  25:17  Orbital Command, Cyclone  
  133  25:19  Cyclone  
  139  25:26  Cyclone  
  142  25:32  Cyclone  
  142  25:34  SCV  
  146  25:36  Factory  
  146  25:42  SCV  
  147  25:45  Planetary Fortress  
  154  25:51  Sensor Tower  
  154  25:59  Planetary Fortress  
  147  26:10  Siege Tank x3, Missile Turret, Cyclone x2  
  147  26:17  Missile Turret, Sensor Tower  
  147  26:23  Ghost Academy  
  147  26:29  Orbital Command  
  132  26:39  SCV x7  
  136  26:46  Siege Tank  
  136  26:47  Siege Tank x2  
  145  26:51  Siege Tank, SCV x2  
  145  26:52  SCV  
  145  26:53  SCV  
  152  26:55  Hellion  
  152  26:58  SCV x2  
  152  26:59  SCV x2  
  158  27:03  Refinery  
  158  27:06  Ghost  
  158  27:07  Ghost  
  158  27:08  Orbital Command  
  163  27:13  Refinery  
  161  27:17  Hellion  
  161  27:18  Cyclone  
  159  27:24  Cyclone  
  162  27:35  Hellion  
  164  27:40  SCV  
  165  27:45  Orbital Command  
  151  27:59  Cyclone  
  121  28:16  SCV  
  122  28:28  SCV  
  122  28:29  SCV  
  120  28:34  SCV  
  120  28:36  Cyclone  
  120  28:38  SCV  
  113  28:46  Cyclone  
  113  28:48  SCV  
  113  28:52  SCV  
  76  28:56  Hellion  
Tags
 
Add a new tag
Caveats
  • Supply blocks, unpowered buildings, or Contaminate may cause inaccurate times.
  • Supply counts are checked every 10 seconds.